 Dungeon Crawl Stone Soup version 0.24.0-125-gc4c63601f3 (console) character file.

Game seed: 15094849144992753705, levelgen mode: deterministic

120 utis the Shooter (level 5, -1/31 HPs)
             Began as a Tengu Arcane Marksman on Feb 22, 2020.
             Slain by a scorpion (3 damage)
             ... on level 5 of the Dungeon.
             The game lasted 00:08:38 (3465 turns).

utis the Shooter (Tengu Arcane Marksman)            Turns: 3465, Time: 00:08:39

Health: -1/31      AC:  2    Str: 15    XL:     5   Next: 4%
Magic:  4/7        EV: 16    Int: 15    God:
Gold:   68         SH:  0    Dex: 14    Spells: 3/6 levels left

rFire    . . .     SeeInvis .   w - +0 shortbow
rCold    . . .     Gourm    .   (shield currently unavailable)
rNeg     . . .     Faith    .   e - +0 robe
rPois    .         Spirit   .   (helmet restricted)
rElec    .         Reflect  .   (no cloak)
rCorr    .         Harm     .   (no gloves)
MR       .....                  (boots unavailable)
Stlth    +.........             (no amulet)
HPRegen  0.10/turn              (no ring)
MPRegen  0.10/turn              (no ring)

@: mighty, flying quickly and evasively, very slightly contaminated, invisible,
quick
A: beak, talons 3, able to fly
a: Stop Flying


You were on level 5 of the Dungeon.
You were not hungry.

You visited 1 branch of the dungeon, and saw 4 of its levels.

You collected 68 gold pieces.

Inventory:

Hand Weapons
 a - a +0 flail
 r - a +0 short sword
 w - a +0 shortbow (weapon)
Missiles
 d - 11 arrows (quivered)
 i - 17 sling bullets
 j - 100 stones
Armour
 e - a +0 robe (worn)
Jewellery
 o - an uncursed amulet of the acrobat {unknown}
Scrolls
 k - a scroll of enchant weapon {unknown}
 l - a scroll of immolation {unknown}
 n - a scroll of random uselessness {unknown}
 p - a scroll of remove curse {unknown}
Potions
 b - 2 potions of cancellation
 g - a potion of invisibility
 h - a potion of mutation {unknown}
 m - a potion of brilliance {unknown}
 q - a potion of berserk rage {unknown}
 t - a potion of heal wounds {unknown}
Comestibles
 f - 4 rations {@e1}
 s - 4 chunks of flesh


   Skills:
 + Level 2.7 Fighting
 + Level 3.6 Bows
 + Level 3.6 Dodging
 - Level 1.0 Spellcasting
 - Level 2.1 Hexes


You had 3 spell levels left.
You knew the following spells:

 Your Spells              Type           Power        Failure   Level  Hunger
a - Corona                Hex            #......      10%         1    ##.....
b - Slow                  Hex            #.......     16%         2    ###....

Your spell library contained the following spells:

 Spells                   Type           Power        Failure   Level  Hunger
 Inner Flame              Hex/Fire       #.......     43%         3    ####...
 Portal Projectile        Hex/Tloc       #.....       43%         3    ####...
 Cause Fear               Hex            #.........   69%         4    #####..
 Leda's Liquefaction      Hex/Erth       #.........   83%         4    #####..


Dungeon Overview and Level Annotations

Branches:
Dungeon (3/15)

Altars:
Makhleb


Innate Abilities, Weirdness & Mutations

You have a beak for a mouth.
You have claws for feet.
You can fly continuously.


Message History

* * * LOW HITPOINT WARNING * * *
Firing (i - inventory. (/) - cycle)
d - 12 arrows (quivered)
Press: ? - help, Shift-Dir - straight line, f/p - scorpion
Aim: a scorpion (heavily wounded, slow)
You shoot an arrow.
The arrow completely misses the scorpion.
The scorpion is no longer moving slowly.
The scorpion stings you!
* * * LOW HITPOINT WARNING * * *
You are too injured to fight recklessly!
You are too injured to fight recklessly!
Okay, then.
It was a potion of invisibility.
You fade into invisibility!
The scorpion misses you.
You are very lightly contaminated with residual magic.
It was a potion of might.
You feel very mighty all of a sudden. The scorpion stings you.
You die...

.░ .░ .░ .░ Y░
.░░░░░░░░░░░░ .░
Y...s.......░ ░░░░░.░░░░░
░░░░░░░░░░░s░░░░......)..░
░..Q..........░░░░░
░................░
░.░....░░░..░░░░.░ ░
░.........░ .░ ░....░░░.░░
.░ ░.░.░░ ░.░ . ░.░.░ ░.░
░ ..░.. ░.░


You could see a scorpion.

Vanquished Creatures
  A bullfrog skeleton (D:2)
  A gnoll (D:3)
  3 adders
  An ooze (D:1)
  2 dart slugs (D:2)
  2 leopard geckos (D:2)
  An orc (D:3)
  2 giant cockroaches
  4 goblins
  A hobgoblin (D:3)
  4 quokkas
  A ball python (D:3)
  11 bats
  5 frilled lizards
  7 kobolds
  5 rats
51 creatures vanquished.

Notes
Turn   | Place    | Note
-------+----------+-------------------------------------------
     0 | D:1      | utis the Tengu Arcane Marksman began the quest for the Orb.
     0 | D:1      | Reached XP level 1. HP: 12/12 MP: 3/3
   414 | D:1      | Reached XP level 2. HP: 16/16 MP: 2/4
  1036 | D:2      | Reached XP level 3. HP: 21/21 MP: 5/5
  1052 | D:2      | Learned a level 2 spell: Slow
  2253 | D:2      | Reached XP level 4. HP: 26/26 MP: 6/6
  3031 | D:3      | Gained mutation: You can fly continuously. [Tengu growth]
  3031 | D:3      | Reached XP level 5. HP: 13/31 MP: 4/7
  3301 | D:3      | Found a burning altar of Makhleb.
  3427 | D:3      | You are sucked into a shaft and drop 2 floors!
  3427 | D:5      | Entered Level 5 of the Dungeon
  3428 | D:5      | Noticed a sky beast
  3442 | D:5      | Noticed a sky beast
  3465 | D:5      | Slain by a scorpion

Levels and vault maps discovered:
D:1:      evilmike_arrival_come_back, layout_loops_ring, due_unseen_surprise
D:2:      layout_rooms, minmay_pentomino_pile
D:3:      layout_loops_ring, lemuel_doored_altar, lemuel_crystal_altar,
          first_ration, minmay_ruptured
D:5:      minmay_razor_zed, layout_loops_ring, kennysheep_mini_moat, zin_purify

Skill      XL: |  1  2  3 |
---------------+----------+-----
Bows           | 3 |  3.6
Dodging        | 3 |  3.6
Fighting       | 2 |  2.7
Spellcasting   | |  1.0
Hexes          | |  2.1

Action                   |  1- 3 |  4- 6 || total
-------------------------+-------+-------++-------
Melee: Unarmed           |     9 |       ||     9
       Short sword       |    94 |    22 ||   116
       Kick              |    22 |     5 ||    27
       Peck              |    10 |     5 ||    15
       Flail             |       |     6 ||     6
 Fire: Shortbow          |     5 |    21 ||    26
Throw: Stone             |    24 |     9 ||    33
 Cast: Corona            |    17 |     8 ||    25
       Slow              |       |     2 ||     2
 Abil: Fly               |       |     1 ||     1
  Use: Scroll            |       |     2 ||     2
       Potion            |       |     2 ||     2
 Stab: Sleeping          |     1 |       ||     1
  Eat: Chunk             |     5 |     4 ||     9
Armor: Robe              |    23 |     3 ||    26
Dodge: Dodged            |    72 |    29 ||   101
